Map: Deathaura LE

Players

A.I. 1 (Very Easy)

  • Race: Protoss Protoss
  • Spawn Location: 11:00

Danniccs - Winner!

  • Race: Terran Terran
  • Spawn Location: 5:00

VOD

Have the link to the VOD?

Description

Time

  • Played on: Jan. 8, 2021, 8:20 p.m.
  • Length: 12:58
Show
View Real Time Build Order
Export as new Build Order

A.I. 1 (Very Easy) Protoss 

Build Orders:  

Get SALT Encoding   

  12  0:00  Probe  
  13  0:13  Probe  
  14  0:19  Pylon  
  14  0:36  Assimilator  
  14  0:43  Gateway  
  14  0:46  Pylon  
  14  1:14  Assimilator  
  14  1:22  Zealot  
  14  1:23  Probe  
  14  1:31  Probe  
  17  1:34  Cybernetics Core  
  18  1:41  Probe  
  19  1:53  Probe  
  20  2:00  Warp Gate  
  20  2:02  Probe  
  21  2:10  Probe  
  22  2:46  Stalker  
  24  4:15  Probe  
  24  5:39  Probe  
  24  6:45  Probe  
  24  7:25  Probe  
  25  7:30  Adept  
  25  7:31  Pylon  
  25  7:33  Probe  
  25  7:34  Robotics Facility  
  25  7:36  Nexus  
  27  7:43  Probe  
  29  7:55  Probe  
  28  8:21  Observer  
  27  8:28  Zealot  
  29  8:37  Observer  
  30  8:49  Probe  
  31  8:56  Assimilator, Probe  
  31  8:59  Assimilator  
  32  9:03  Probe  
  33  9:10  Probe  
  34  9:17  Probe  
  35  9:25  Probe  
  35  9:26  Stalker  
  35  9:28  Probe  
  39  9:39  Probe  
  39  9:42  Probe  
  41  9:53  Probe  
  41  9:56  Probe  
  43  10:08  Probe  
  44  10:15  Probe  
  45  10:22  Probe  
  45  10:27  Probe  
  46  10:32  Pylon  
  47  10:36  Probe  
  48  11:02  Stalker  
  50  11:06  Pylon  
  50  11:31  Zealot  
  52  11:38  Pylon  
  48  11:47  Probe  
  37  12:00  Probe  
  36  12:08  Pylon  
  30  12:12  Probe  
  29  12:24  Probe  
  29  12:28  Zealot  
Show
View Real Time Build Order
Export as new Build Order

Danniccs Terran - Winner!

Build Orders:  

Get SALT Encoding   

  12  0:00  SCV  
  13  0:13  SCV  
  14  0:22  Supply Depot  
  14  0:26  SCV  
  15  0:43  SCV  
  15  0:48  Barracks  
  16  0:56  Supply Depot  
  16  0:57  SCV  
  17  1:09  SCV  
  18  1:26  SCV  
  19  1:34  Marine  
  20  1:47  SCV  
  20  1:50  Supply Depot  
  21  1:57  Marine  
  21  1:58  Command Center  
  21  2:00  SCV  
  23  2:09  Barracks  
  23  2:20  Marine  
  23  2:21  SCV  
  25  2:39  SCV  
  25  2:41  Marine  
  27  2:57  Supply Depot  
  27  2:58  SCV  
  27  3:00  Marine  
  27  3:01  Marine  
  30  3:10  SCV  
  30  3:12  SCV  
  32  3:23  Marine  
  32  3:24  Marine  
  32  3:25  SCV x2  
  36  3:42  SCV x2  
  36  3:43  Marine x2  
  40  3:51  Barracks  
  40  3:55  Barracks  
  40  3:59  SCV x2  
  40  4:02  Marine x2  
  44  4:17  SCV x2  
  46  4:24  Command Center  
  46  4:29  Marine x2  
  48  4:32  SCV x2  
  50  4:40  Supply Depot  
  50  4:43  Marine x2  
  50  4:45  Barracks  
  52  4:53  SCV  
  52  4:54  Marine x2, SCV  
  56  5:01  Barracks  
  56  5:05  Barracks  
  56  5:06  SCV  
  56  5:07  Marine x2, SCV  
  60  5:17  Marine x2  
  62  5:27  Marine x2  
  64  5:39  SCV x2  
  66  5:48  SCV  
  67  6:00  Orbital Command  
  67  6:02  Orbital Command  
  67  6:03  Orbital Command  
  67  6:06  Marine x4  
  67  6:07  Marine x3  
  74  6:25  Marine x2  
  74  6:26  Marine x4  
  74  6:27  Marine  
  82  6:32  SCV  
  82  6:33  SCV x2  
  84  6:53  SCV  
  85  7:01  Supply Depot  
  85  7:03  Supply Depot  
  85  7:15  Command Center  
  85  7:22  Marine x5, SCV x3  
  93  7:24  Marine x2  
  95  7:36  SCV  
  96  7:37  SCV  
  96  7:38  SCV  
  98  8:04  SCV x3  
  98  8:05  Marine x6  
  104  8:06  Marine  
  107  8:31  SCV x2  
  107  8:32  SCV  
  110  8:36  Orbital Command  
  110  8:37  Marine  
  110  8:38  Marine x5  
  110  8:39  Marine  
  117  8:46  Supply Depot  
  117  9:00  Marine  
  117  9:01  Marine x5  
  117  9:02  Marine  
  124  9:33  Barracks  
  124  9:38  Barracks  
  124  9:40  Marine x5  
  124  9:41  Marine x2  
  131  9:58  Marine  
  132  10:00  Marine x3  
  132  10:01  Marine x3  
  138  10:31  Marine x4  
  138  10:32  Marine x5  
  147  10:51  Marine  
  147  10:52  Marine x6  
  147  10:53  Marine x2  
  156  11:06  Barracks  
  156  11:13  Marine x4  
  156  11:14  Marine x4  
  156  11:15  Marine  
  165  11:40  Marine x3  
  165  11:41  Marine x5  
  165  11:42  Marine  
  174  11:58  Supply Depot  
  174  12:01  Marine x4  
  171  12:02  Marine x5  
  180  12:19  Marine  
  180  12:21  Marine x4  
  180  12:22  Marine x3  
  188  12:33  Supply Depot  
  188  12:36  Supply Depot  
  188  12:45  Barracks  
Tags
 
Matchup
PvT
Spawn Locations
Cross Positions
Add a new tag
Caveats
  • Supply blocks, unpowered buildings, or Contaminate may cause inaccurate times.
  • Supply counts are checked every 10 seconds.